 Dungeon Crawl Stone Soup version 0.15.2 (webtiles) character file.

1302 kae the Grappler (level 8, -6/59 HPs)
             Began as a Red Draconian Transmuter on Jan 23, 2015.
             Mangled by a gnoll
             ... wielding a +0 halberd
              (11 damage)
             ... on Level 6 of the Dungeon.
             The game lasted 00:08:00 (6564 turns).

kae the Grappler (Red Draconian Transmuter)         Turns: 6564, Time: 00:08:00

HP  -6/59        AC  2     Str 15      XL: 8   Next: 31%
MP   6/13        EV 19     Int 13      God:
Gold 246         SH  0     Dex 17      Spells:  3 memorised,  5 levels left

rFire  . . .     SeeInvis .       - Unarmed
rCold  . . .     Clarity  .     (armour unavailable)
rNeg   . . .     rCorr    .     (shield currently unavailable)
rPois  x         rRot     .     (helmet currently unavailable)
rElec  .         Spirit   .     (cloak currently unavailable)
SustAb .         Warding  .     x - melded +0 pair of gloves
rMut   .         Stasis   .     (boots currently unavailable)
Gourm  .                        (no amulet)
MR     .....                    (no ring)
                                (no ring)

@: spider-form (expiring), very slightly contaminated, not resistant to hostile
enchantments, unstealthy
A: (breathe fire), unfitting armour, (fire resistance 0), (cold-blooded), AC +6
a: End Transformation


You were on level 6 of the Dungeon.
You were hungry.
You were in spider-form.
You visited 1 branch of the dungeon, and saw 6 of its levels.

You collected 246 gold pieces.

Inventory:

Missiles
 b - 81 arrows
 y - 3 tomahawks of returning (quivered)
Armour
 x - a +0 pair of gloves (melded)
Magical devices
 p - a wand of paralysis (10)
 r - a wand of random effects (2) {unknown}
 v - a wand of digging (8) {unknown}
Comestibles
 a - 4 bread rations
 f - 2 meat rations
Scrolls
 e - 5 scrolls of identify {unknown}
 g - 3 scrolls of teleportation {unknown}
 k - a scroll of amnesia {unknown}
 m - a scroll of magic mapping {unknown}
 n - a scroll of enchant weapon {unknown}
 o - 4 scrolls of remove curse {unknown}
 q - 2 scrolls of random uselessness {unknown}
 u - 3 scrolls of blinking {unknown}
 w - a scroll of noise {unknown}
Jewellery
 l - an uncursed ring of protection from magic {unknown}
Potions
 c - 2 potions of curing
 h - a potion of might {unknown}
 i - a potion of lignification {unknown}
 j - a potion of restore abilities {unknown}
 s - a potion of confusion {unknown}
 t - a potion of heal wounds {unknown}
 z - a potion of magic {unknown}
 A - a potion of mutation {unknown}
 B - a potion of brilliance {unknown}
Books
 d - a book of Changes

   Spells                             Type                      Level
   *Beastly Appendage                 Transmutation                1
   *Sticks to Snakes                  Transmutation                2
   *Spider Form                       Transmutation/Poison         3
   Ice Form                           Ice/Transmutation            4
   Blade Hands                        Transmutation                5


   Skills:
 - Level 1.1 Fighting
 - Level 1.7 Dodging
 * Level 8.9 Unarmed Combat
 - Level 2.0 Spellcasting
 + Level 6.0 Transmutations


You had 5 spell levels left.
You knew the following spells:

 Your Spells              Type           Power        Failure   Level  Hunger
a - Beastly Appendage     Trmt           ###...       8%          1    ##.....
b - Sticks to Snakes      Trmt           ###.......   12%         2    ###....
c - Spider Form           Trmt/Pois      #.........   41%         3    ####...


Dungeon Overview and Level Annotations

Branches:
Dungeon (6/15)
 Temple: D:4-7

Altars:
Dithmenos
Fedhas
Xom
The Shining One

Annotations:
D:4 Grinder


Innate Abilities, Weirdness & Mutations

((You can breathe blasts of fire.))
((Your fiery red scales are hard (AC +6).))
Your body does not fit into most forms of armour.
((Your flesh is heat resistant.))
((Your cold-blooded metabolism reacts poorly to cold.))


Message History

Your Transmutations skill increases to level 6!
The gnoll closely misses you. x2
The gnoll misses you.
You bite the gnoll!
The gnoll is almost dead.
The gnoll hits you with a halberd!
The gnoll hits you with a glowing halberd!
* * * LOW HITPOINT WARNING * * *
You are too injured to fight recklessly!
You are too injured to fight recklessly!
You are too injured to fight recklessly!
Your transformation is almost over.
Things that are here:
a club; a gnoll corpse The gnoll completely misses you.
There is a stone staircase leading up here.
The gnoll hits you with a club.
* * * LOW HITPOINT WARNING * * *
The gnoll hits you from afar with a halberd!
You die...

#..
#.....
#......
#.......
+.....#
###.....#
#.......#
#.......#
#..s....+
#..g....#
+.gg....#
#..)....+
#.......#
#.......#
#.......#
#.......#
#.......#


You could see 3 gnolls.

Vanquished Creatures
  A hippogriff (D:5)
  An ice beast (D:5)
  2 sky beasts
  A centaur (D:5)
  A gnoll sergeant (D:6)
  A crimson imp (D:5)
  2 hounds
  2 iguanas (D:5)
  7 worker ants
  4 orc wizards
  A worker ant zombie (D:5)
  13 adders
  6 gnolls
  An orc zombie (D:5)
  A giant mite (D:4)
  A worm (D:3)
  An adder skeleton (D:4)
  An ooze (D:2)
  22 orcs
  11 bats
  7 goblins
  5 hobgoblins
  11 jackals
  13 kobolds
  2 quokkas
  4 ball pythons
  2 giant cockroaches (D:5)
  3 giant geckos
  8 giant newts
  7 rats
  3 rat skeletons
145 creatures vanquished.

Notes
Turn   | Place    | Note
--------------------------------------------------------------
     0 | D:1      | kae, the Draconian Transmuter, began the quest for the Orb.
     0 | D:1      | Reached XP level 1. HP: 16/16 MP: 3/3
   316 | D:1      | Reached XP level 2. HP: 18/23 MP: 4/4
  1072 | D:2      | Reached XP level 3. HP: 26/28 MP: 6/6
  1292 | D:2      | Reached skill level 4 in Unarmed Combat
  1484 | D:2      | Reached XP level 4. HP: 15/35 MP: 7/7
  2210 | D:3      | Learned a level 2 spell: Sticks to Snakes
  2223 | D:3      | Learned a level 3 spell: Spider Form
  2488 | D:3      | Reached skill level 5 in Unarmed Combat
  2488 | D:3      | Reached XP level 5. HP: 40/40 MP: 5/9
  2706 | D:3      | Found a shadowy altar of Dithmenos.
  2952 | D:4      | Found a shimmering altar of Xom.
  2969 | D:4      | Noticed Grinder
  2969 | D:4      | Paralysed by Grinder for 6 turns
  2980 | D:4      | Paralysed by Grinder for 4 turns
  3604 | D:4      | Reached XP level 6. HP: 36/47 MP: 7/10
  3781 | D:4      | Reached skill level 6 in Unarmed Combat
  3818 | D:4      | Found a glowing golden altar of the Shining One.
  4173 | D:4      | Found a blossoming altar of Fedhas.
  4343 | D:5      | Entered Level 5 of the Dungeon
  4724 | D:5      | Your scales start taking on a fiery red colour.
  4724 | D:5      | Gained mutation: Your flesh is heat resistant. [draconian maturity]
  4724 | D:5      | Reached XP level 7. HP: 34/52 MP: 12/12
  4832 | D:5      | Reached skill level 7 in Unarmed Combat
  4841 | D:5      | Reached skill level 5 in Transmutations
  5388 | D:5      | Noticed a hill giant
  5582 | D:5      | HP: 2/52 [something (6)]
  5621 | D:4      | Reached skill level 8 in Unarmed Combat
  6295 | D:5      | Reached XP level 8. HP: 53/59 MP: 13/13
  6341 | D:5      | Noticed a hippogriff
  6351 | D:5      | Killed a hippogriff
  6564 | D:6      | Mangled by a gnoll

Action                   |  1- 3 |  4- 6 |  7- 9 || total
-------------------------+-------+-------+-------++-------
Melee: Unarmed           |   138 |   272 |   168 ||   578
 Cast: Beastly Appendage |     9 |    15 |     9 ||    33
       Spider Form       |       |     4 |     3 ||     7
Evoke: Wand              |       |     1 |       ||     1
  Use: Potion            |       |       |     3 ||     3
 Stab: Sleeping          |       |     1 |       ||     1
  Eat: Chunk             |     2 |    11 |     7 ||    20
